 Dungeon Crawl Stone Soup version 0.29-a0-330-g52719c12eb (webtiles) character file.

Game seed: 2917856183052273427

656 Aelig the Transmogrifier (level 7, -3/47 HPs)
             Began as a Vampire Transmuter on May 11, 2022.
             Was an Initiate of Ashenzari.
             Slain by a killer bee (4 damage)
             ... on level 5 of the Dungeon.
             The game lasted 00:17:09 (4661 turns).

Aelig the Transmogrifier (Vampire Transmuter)       Turns: 4661, Time: 00:17:10

Health: -3/47      AC:  2    Str:  7 (9)  XL:     7   Next: 29%
Magic:  9/10       EV: 12    Int: 17 (18) God:    Ashenzari [......]
Gold:   202        SH:  5    Dex: 13 (14) Spells: 4/10 levels left

rFire   . . .      SeeInvis +     - Unarmed
rCold   . . .      Faith    .   (no shield)
rNeg    . . .      Spirit   .   a - +0 robe
rPois   .          Reflect  +   (helmet currently unavailable)
rElec   .          Harm     .   (no cloak)
rCorr   .          Rampage  .   (no gloves)
Will    .....                   (boots currently unavailable)
Stlth   +.........              o - amulet of reflection
HPRegen 0.35/turn               (no ring)
MPRegen 0.12/turn               (no ring)

@: lethally poisoned (-3 -> -6), appendages, healing quickly
A: horns 2, talons 2, alive, fangs 3, see invisible, vampiric 2
a: Exsanguinate, End Transformation, Renounce Religion


You were on level 5 of the Dungeon.
You worshipped Ashenzari.
Ashenzari was noncommittal.
You had temporarily grown beastly horns and talons.
You visited 2 branches of the dungeon, and saw 6 of its levels.

You collected 202 gold pieces.

Inventory:

Missiles
 n - 67 stones
Armour
 a - a +0 robe (worn)
 k - a +2 helmet (melded)
 l - a +0 pair of boots of flying (melded)
Jewellery
 o - an amulet of reflection (around neck)
Wands
 v - a wand of paralysis (7)
 w - a wand of charming (4)
Scrolls
 c - a scroll of fog {unknown}
 d - 4 scrolls of teleportation {unknown}
 f - a scroll of vulnerability
 p - a scroll of enchant armour {unknown}
 q - a scroll of acquirement {unknown}
 r - a scroll of blinking {unknown}
 t - 2 scrolls of magic mapping {unknown}
 u - a scroll of fear {unknown}
 x - a scroll of silence {unknown}
Potions
 b - a potion of lignification
 g - 3 potions of attraction
 h - 2 potions of magic
 i - a potion of curing {unknown}
 j - a potion of degeneration
 m - 4 potions of haste
 s - a potion of berserk rage {unknown}


   Skills:
 - Level 0.8 Fighting
 - Level 2.1 Dodging
 + Level 3.4 Unarmed Combat
 - Level 2.0 Spellcasting
 - Level 8.0 Transmutations
 + Level 3.1 Poison Magic


You had 4 spell levels left.
You knew the following spells:

 Your Spells              Type           Power      Damage    Failure   Level
a - Beastly Appendage     Tmut           56%        N/A       1%          1
b - Wereblood             Tmut           28%        N/A       1%          2
c - Spider Form           Tmut/Pois      20%        N/A       6%          3

Your spell library contained the following spells:

 Spells                   Type           Power      Damage    Failure   Level
 Ignite Poison            Fire/Tmut/Pois 14%        N/A       13%         3
 Ice Form                 Ice/Tmut       15%        N/A       36%         4
 Conjure Flame            Conj/Fire      1%         6-21      50%         3
 Gell's Gravitas          Tloc           1%         N/A       50%         3
 Lesser Beckoning         Tloc           1%         N/A       50%         3
 Teleport Other           Tloc           1%         N/A       50%         3
 Fulminant Prism          Conj/Hex       0%         3d6       88%         4
 Hailstorm                Conj/Ice       1%         3d3       88%         4
 Iskenderun's Mystic Bla  Conj/Tloc      1%         2d3       88%         4
 Sticky Flame             Conj/Fire      1%         2d3       88%         4
 Lee's Rapid Deconstruct  Erth           0%         3d5*      99%         5
 Simulacrum               Ice/Necr       0%         N/A       100%        6


Dungeon Overview and Level Annotations

Branches:
Dungeon (5/15)             Temple (1/1) D:4

Altars:
Ashenzari
Dithmenos
Elyvilon
Gozag
Kikubaaqudgha
Okawaru
Qazlal
Trog
Uskayaw
Xom
Zin
The Shining One
Lugonu

Shops:
D:4 (

Annotations:
D:3 2 runed translucent doors, argonath2's ghost, amateur DrAr
D:4 Sigmund


Innate Abilities, Weirdness & Mutations

You have temporarily grown beastly horns and talons.
Your natural rate of healing is accelerated.
You have razor-sharp teeth.
You have supernaturally acute eyesight. (SInv)
You are afflicted with vampirism and can become a bat while bloodless.


Message History

Casting: Beastly Appendage (safe; 1% risk of failure)
Confirm with . or Enter, or press ? or * to list all spells.
Okay, then.
You feel much better. The killer bee barely misses you.
The killer bee stings you!
Casting: Beastly Appendage (safe; 1% risk of failure)
Confirm with . or Enter, or press ? or * to list all spells.
You grow a pair of large bovine horns.
Your feet morph into talons.
Your +2 helmet melds into your body.
Your +0 pair of boots of flying melds into your body.
You float gracefully downwards.
The killer bee stings you! The killer bee stings you.
You miss the killer bee. You claw the killer bee.
You kill the killer bee!
The killer bee stings you.
You are poisoned.
The killer bee poisons you!
Training target 8.0 for Transmutations reached!
Your Transmutations skill increases to level 8!
You need to enable at least one skill for training.
You miss the killer bee. You headbutt the killer bee!
Your bite misses the killer bee.
The killer bee is heavily wounded.
You feel very sick. The killer bee closely misses you.
You block the killer bee's attack.
You closely miss the killer bee.
The killer bee is heavily wounded.
You feel sick. You block the killer bee's attack.
The killer bee closely misses you.
You hit the killer bee. Your kick misses the killer bee.
Your bite misses the killer bee.
The killer bee is heavily wounded.
You feel sick. The killer bee stings you!
* * * LOW HITPOINT WARNING * * *
It was a potion of degeneration.
There was something very wrong with that liquid.
You feel weakened.
You feel dopey.
You feel clumsy.
* * * LOW HITPOINT WARNING * * *
You feel sick. You block the killer bee's attack. The killer bee stings you.
You die...

.. #.#######<...# ##..
#.##......#### .....#
#.##...†..# .#
#.###########.##......#
.###.......<.............#
.##...............##.....#
............####.###.....#
...#...........#.......###
...............#@.###..#
...............y### #.##
...............## #..
......##.......# ...
...............# ..#
......##.......#
......########## .......
.....##


You could see a killer bee.

Vanquished Creatures
  A phantom (D:2)
  A necrophage (D:5)
  A scorpion (D:5)
  5 killer bees (D:5)
  An orc priest (D:5)
  A hound (D:5)
  An iguana (D:5)
  8 adders
  2 worms (D:2)
  4 dart slugs
  4 orcs
  6 endoplasms
  3 giant cockroaches
  6 goblins
  5 hobgoblins
  2 jackals (D:1)
  8 kobolds
  3 quokkas
  5 ball pythons
  12 bats
  A frilled lizard (D:1)
  6 rats
86 creatures vanquished.

Vanquished Creatures (others)
  4 plants (D:4)
4 creatures vanquished.

Grand Total: 90 creatures vanquished

Notes
Turn   | Place    | Note
-------+----------+-------------------------------------------
     0 | D:1      | Aelig the Vampire Transmuter began the quest for the Orb.
     0 | D:1      | Reached XP level 1. HP: 14/14 MP: 3/3
   306 | D:1      | Found a faded altar of an unknown god.
   417 | D:1      | Reached skill level 3 in Transmutations
   417 | D:1      | Reached XP level 2. HP: 9/20 MP: 3/5
  1061 | D:1      | Learned a level 2 spell: Wereblood
  1063 | D:2      | Noticed a phantom
  1083 | D:2      | Killed a phantom
  1084 | D:2      | Reached skill level 5 in Transmutations
  1084 | D:2      | Gained mutation: You are afflicted with vampirism and can
                  | become a bat while bloodless. [Vampire growth]
  1084 | D:2      | Reached XP level 3. HP: 15/25 MP: 4/6
  1084 | D:2      | Reached XP level 4. HP: 19/31 MP: 4/7
  1380 | D:2      | You fall into a shaft and drop 2 floors!
  1707 | D:2      | Learned a level 3 spell: Spider Form
  1860 | D:2      | Reached XP level 5. HP: 11/36 MP: 8/8
  2417 | D:2      | Reached skill level 1 in Poison Magic
  2431 | D:3      | Reached skill level 6 in Transmutations
  2589 | D:3      | Found a large runed translucent door.
  2589 | D:3      | Found a large runed translucent door.
  2591 | D:3      | Noticed argonath2's ghost (amateur DrAr)
  2604 | D:3      | Found a shadowy altar of Dithmenos.
  3208 | D:4      | Found a staircase to the Ecumenical Temple.
  3214 | Temple   | Entered the Ecumenical Temple
  3401 | D:4      | Noticed Sigmund
  3510 | D:4      | Found Fumeok's Weapon Shoppe.
  3877 | D:5      | Entered Level 5 of the Dungeon
  3994 | D:5      | Found a broken altar of Ashenzari.
  3995 | D:5      | Found an iron altar of Okawaru.
  3998 | D:5      | Became a worshipper of Ashenzari the Shackled
  4053 | D:5      | Reached XP level 6. HP: 9/42 MP: 9/9
  4609 | D:5      | Reached skill level 7 in Transmutations
  4642 | D:5      | Reached XP level 7. HP: 35/47 MP: 10/10
  4658 | D:5      | Reached skill level 8 in Transmutations
  4660 | D:5      | HP: 2/47 [killer bee (9)]
  4661 | D:5      | Slain by a killer bee

Illustrated notes

Levels and vault maps discovered:
D:1:      wander_arrival_abandoned_jail, layout_loops_corners,
          basic_ecumenical_altar, minmay_statues_item, hex_large
D:2:      layout_loops_corners, glass_columns_c
D:3:      layout_rooms, mainiacjoe_overflow_boulevard, elyvilon_altar_3,
          ebering_ghost_disaster_area
D:4:      wad_woods_pond, layout_basic, minmay_temple_entry_hall, serial_shops,
          kennysheep_mini_moat, dreamdust_princess_bridge, minmay_between,
          uniq_sigmund
D:5:      layout_rooms, makhleb_heckhound_becter,
          nicolae_hepliaklqana_hazy_memory, mainiacjoe_overflow_divided_tiny
Temple:   corrupted_temple

Skill      XL: |  1  2  3  4  5  6  7 |
---------------+----------------------+-----
Transmutations | 3 5 6 7 8 |  8.0
Poison Magic   | 2 3 |  3.1
Fighting       | |  0.8
Dodging        | |  2.1
Unarmed Combat | |  3.4
Spellcasting   | |  2.0

Action                   |  1- 3 |  4- 6 |  7- 9 || total
-------------------------+-------+-------+-------++-------
Melee: Unarmed           |    68 |   241 |    17 ||   326
       Headbutt          |    11 |    39 |     1 ||    51
       Kick              |    14 |    57 |     1 ||    72
       Bite              |     5 |    18 |       ||    23
       Punch             |     1 |     7 |       ||     8
 Cast: Beastly Appendage |    21 |    49 |     1 ||    71
       Wereblood         |       |     4 |       ||     4
       Spider Form       |       |     1 |       ||     1
Evoke: Wand              |       |     1 |       ||     1
  Use: Scroll            |       |     4 |       ||     4
       Potion            |       |     3 |     2 ||     5
 Stab: Sleeping          |     2 |     2 |       ||     4
Armor: Robe              |    14 |    28 |       ||    42
       Skin              |       |     8 |    13 ||    21
Dodge: Dodged            |    41 |   125 |     4 ||   170
Block: Other             |       |    37 |     7 ||    44
       Reflection        |       |     2 |       ||     2

Table legend: (Time is in decaauts)
 A = Elapsed time spent in this place.
 B = Non-inter-level travel time spent in this place.
 C = Inter-level travel time spent in this place.
 D = Time resting spent in this place.
 E = Time spent auto-exploring this place.
 F = Levels seen in this place.
 G = Mean time per level.
                   A        B        C        D        E       F      G
               +--------+--------+--------+--------+--------+-----+--------+
         Total |   4643 |   4567 |     76 |    825 |   2336 |   6 |  773.8 |
       Dungeon |   4565 |   4489 |     76 |    825 |   2336 |   5 |  913.0 |
        Temple |     78 |     78 |      0 |      0 |      0 |   1 |   78.0 |
               +--------+--------+--------+--------+--------+-----+--------+

Top non-repeatable levels by time:
     D:2: 1152 daAuts
     D:1: 1059 daAuts
     D:4: 1033 daAuts
     D:5: 776 daAuts
     D:3: 543 daAuts
  Temple: 78 daAuts
